[Event "17th Delhi GM Open 2019-B"]
[Site "Delhi"]
[Date "2019.01.11"]
[Round "8"]
[White "Aryan"]
[Black "Dupit Tabu"]
[Result "1-0"]
[ECO "A46"]
[WhiteElo "1784"]
[BlackElo "1821"]
[Annotator "NA RC"]
[PlyCount "133"]
[EventDate "2019.01.09"]
[EventType "swiss"]
[EventCountry "IND"]
[SourceTitle "playchess.com"]
[Source "ChessBase"]
[SourceQuality "1"]
[TimeControl "3600+30"]

1. d4 Nf6 2. Nf3 e6 3. e3 c5 4. Be2 Nc6 {[%emt 0:00:00] A46: 1 d4 Nf6 2 Nf3 e6: Torre, London and Colle Systems} 5. O-O {[%emt 0:00:00] LiveBook: 13 Games} b6 6. c4 Bb7 7. Nc3 cxd4 8. Nxd4 Nxd4 $146 ({Predecessor:} 8... a6 9. b3 Be7 10. Bb2 O-O 11. Rc1 Rc8 12. Bf3 Ba8 13. Nxc6 Bxc6 14. Bxc6 dxc6 15. Qf3 Qc7 16. Rfd1 Rfd8 17. Ne4 Rxd1+ {½-½ (17) Bodiroga,P (2431)-Varga,Z (2497) Budapest 2007}) 9. Qxd4 Bc5 10. Qh4 O-O 11. a3 Be7 12. Qh3 Rc8 13. Rd1 Ne4 14. Bd3 f5 15. Nxe4 fxe4 16. Be2 Bf6 17. Bg4 {[%emt 0:00:00] [#]} (17. Rb1 $1 $15) 17... Qe7 $4 {[%emt 0:00:54] [#]} (17... Re8 $1 $19 {and all is fine.} 18. Rb1 Rxc4) 18. Rxd7 $1 {[%emt 0:00:00] Remove Defender} Qxd7 19. Bxe6+ Qxe6 20. Qxe6+ Kh8 21. Bd2 Bxb2 22. Rb1 Bf6 23. Bb4 Rfe8 24. Qf7 Ba6 25. Rc1 ({But not} 25. Qxa7 Bxc4 26. Qxb6 Bd3 $18) 25... Red8 26. g3 ({Don't take} 26. Qxa7 Bxc4 27. Qxb6 Bb2 $18) 26... h6 27. Kg2 Ra8 28. h4 Bc8 29. Qh5 Be6 30. g4 a5 31. Bc3 (31. g5 $142) 31... Bxc3 32. Rxc3 Rac8 $2 (32... Rd2 {is a better defense.} 33. Qg6 Rf8) 33. g5 Rc5 34. Qg6 Rd6 35. Kg3 hxg5 36. hxg5 Rdc6 $2 (36... Rf5 37. Qe8+ Kh7) 37. Rc1 Bf7 38. Qxf7 Rxg5+ 39. Kf4 $2 (39. Kh4 Re5 40. Kg4) 39... Rf6+ 40. Qxf6 $1 gxf6 41. Kxe4 Kg7 42. Rb1 Rc5 43. Kd4 Rc6 44. Rb5 Rd6+ 45. Rd5 Rc6 46. a4 Kf7 47. f4 Ke7 48. Rh5 Rd6+ 49. Rd5 Rc6 50. c5 bxc5+ 51. Rxc5 Ra6 52. f5 Kd7 53. Kc4 Ra8 54. e4 Kd6 55. Rd5+ Kc6 56. Kd4 Kc7 57. e5 fxe5+ 58. Kxe5 Kc6 59. Rb5 Kd7 60. Kf6 Ke8 61. Kg7 Ra7+ 62. Kg8 Ke7 {[%emt 0:00:44] [#]} 63. Rb6 $1 Kd7 64. f6 Kc7 65. Re6 Ra8+ 66. Kg7 Kd7 67. Re4 1-0

[Event "17th Delhi GM Open 2019-B"]
[Site "Delhi"]
[Date "2019.01.11"]
[Round "8"]
[White "Sai Kiran Y"]
[Black "Srujan Keerthan Solletti"]
[Result "1-0"]
[ECO "D02"]
[WhiteElo "1732"]
[BlackElo "1804"]
[Annotator "NA RC"]
[PlyCount "51"]
[EventDate "2019.01.09"]
[EventType "swiss"]
[EventCountry "IND"]
[SourceTitle "playchess.com"]
[Source "ChessBase"]
[SourceQuality "1"]
[TimeControl "3600+30"]

1. d4 Nf6 2. Bf4 d5 3. e3 e6 4. Nd2 Bd6 5. Bg3 c5 6. c3 O-O 7. Bd3 Nc6 8. Ngf3 b6 9. Qe2 {[%emt 0:00:00] D02: 1 d4 d5 2 Nf3 sidelines, including 2...Nf6 3 g3 and 2...Nf6 3 Bf4} (9. e4 Be7 10. e5 Nh5 11. Nf1 cxd4 12. Nxd4 Nxd4 13. cxd4 g6 14. Ne3 f5 15. exf6 Bxf6 16. Be2 Nxg3 17. hxg3 {½-½ (37) Nakamura,H (2787)-Svidler,P (2760) Moscow 2018}) 9... Bb7 10. Rd1 Ne7 11. e4 {[%emt 0:00:00] LiveBook: 4 Games} dxe4 12. Nxe4 Nxe4 13. Bxe4 Bxe4 {[%emt 0:00:00] [#]} 14. dxc5 $146 ({Predecessor:} 14. Qxe4 c4 15. Ne5 Bxe5 16. dxe5 Qc8 {1-0 (42) Melkumyan,H (2633)-Henriquez Villagra,C (2517) Doha 2016}) 14... Bd5 15. Bxd6 Re8 16. c4 Bxf3 17. Qxf3 Nf5 18. O-O Qc8 19. b4 e5 20. Rfe1 Nd4 21. Qd5 Nc2 22. cxb6 axb6 23. Re2 Na3 24. Rxe5 $18 Qxc4 25. Rde1 Rec8 26. Qxa8 1-0

[Event "17th Delhi GM Open 2019-B"]
[Site "Delhi"]
[Date "2019.01.11"]
[Round "8"]
[White "Deepak Batra"]
[Black "Sharsha Backer"]
[Result "1/2-1/2"]
[ECO "D02"]
[WhiteElo "1607"]
[BlackElo "1812"]
[Annotator "NA RC"]
[PlyCount "30"]
[EventDate "2019.01.09"]
[EventType "swiss"]
[EventCountry "IND"]
[SourceTitle "playchess.com"]
[Source "ChessBase"]
[SourceQuality "1"]
[TimeControl "3600+30"]

1. d4 Nf6 2. Bf4 e6 3. e3 d5 4. Nf3 c5 5. c3 Nc6 6. Nbd2 Bd6 7. Bg3 O-O 8. Bd3 b6 9. e4 dxe4 {[%emt 0:00:00] LiveBook: 29 Games} (9... Be7 $11) 10. Nxe4 Nxe4 11. Bxe4 Bb7 12. dxc5 Bxc5 13. b4 Be7 14. Ne5 Qc8 15. Qd7 (15. O-O $1 $11 {remains equal.}) 15... Qxd7 $17 1/2-1/2

[Event "17th Delhi GM Open 2019-B"]
[Site "Delhi"]
[Date "2019.01.11"]
[Round "8"]
[White "Sham R"]
[Black "Sanchit, Anand"]
[Result "1-0"]
[ECO "C36"]
[WhiteElo "1590"]
[BlackElo "1815"]
[Annotator "NA RC"]
[PlyCount "74"]
[EventDate "2019.01.09"]
[EventType "swiss"]
[EventCountry "IND"]
[SourceTitle "playchess.com"]
[Source "ChessBase"]
[SourceQuality "1"]
[TimeControl "3600+30"]

1. e4 e5 2. f4 d5 3. exd5 exf4 4. Nf3 Nf6 5. c4 {[%emt 0:00:00] LiveBook: 43 Games} c6 6. d4 cxd5 7. c5 Be7 {[%emt 0:00:00] C36: King's Gambit Accepted: 3 Nf3 d5} (7... Nc6 8. Bb5 Be7 9. O-O O-O 10. Bxf4 Bg4 11. Nc3 Ne4 12. Qd3 Bf5 13. Qe3 Bf6 14. Bxc6 bxc6 15. Ne5 Bxe5 16. Bxe5 {1-0 (43) Carlsen,M (2837)-Chadaev,N (2580) Astana 2012}) 8. Bb5+ Bd7 9. Bxd7+ Nbxd7 $146 ({Predecessor:} 9... Qxd7 10. O-O Nc6 11. Bxf4 O-O 12. Nc3 Ne4 13. Qb3 Rad8 14. Rae1 Bf6 15. Nxe4 dxe4 16. Rxe4 Nxd4 17. Nxd4 Bxd4+ {½-½ (23) Cvak,R (1915)-Korzh,L (2029) LSS email 2011}) 10. O-O O-O 11. Bxf4 a5 12. Nc3 Qc8 13. Re1 Re8 14. Nb5 Bd8 15. Rxe8+ Nxe8 16. Qe2 Nef6 17. Ng5 Qc6 18. Nd6 Bc7 19. Ngxf7 Ne4 $2 {[%emt 0:05:09] [#]} (19... h5 20. Qe7 Bxd6 21. Nxd6 Kh8) 20. Nh6+ $1 Kf8 21. Qg4 $2 (21. Qh5 g6 {[#]} 22. Nhf5 $1 Bxd6 23. Qh6+ (23. Bxd6+ Kg8 $16) 23... Ke8 24. Nxd6+ Kd8 25. Qg7) 21... Ndf6 22. Qe6 Qd7 23. Qxd7 Nxd7 24. Rf1 gxh6 (24... Bxd6 $16 25. Bxd6+ {[%mdl 64] Discovered Attack (Double check)} Ke8) 25. Nxe4 dxe4 26. Bxc7+ Kg7 27. Rf4 Re8 28. Bxa5 Nf6 29. Bc7 Nd5 30. Rg4+ Kf6 31. Be5+ Kf5 32. Rg7 e3 33. Kf1 Ke4 34. Ke2 (34. Rxh7 Rf8+ 35. Bf4 Rxf4+ 36. Ke1 Rf2 $19 {[%mdl 64] Double Attack}) 34... h5 35. Rf7 Rg8 $1 36. g3 Ra8 $11 37. a3 Ra4 1-0

[Event "17th Delhi GM Open 2019-B"]
[Site "Delhi"]
[Date "2019.01.11"]
[Round "9"]
[White "Koustav Chakraborty"]
[Black "Aryan"]
[Result "1-0"]
[ECO "B01"]
[WhiteElo "1898"]
[BlackElo "1784"]
[Annotator "NA"]
[PlyCount "73"]
[EventDate "2019.01.09"]
[EventType "swiss"]
[EventCountry "IND"]
[SourceTitle "playchess.com"]
[Source "ChessBase"]
[SourceQuality "1"]
[TimeControl "3600+30"]

1. e4 d5 2. exd5 Qxd5 3. Nc3 Qd8 4. d4 Nf6 5. Bc4 g6 {[%emt 0:00:00] B01: Scandinavian Defence} (5... a6 6. Bg5 h6 7. Bxf6 exf6 8. Nf3 Bb4 9. O-O Bxc3 10. bxc3 O-O 11. Re1 Nc6 12. Nh4 Na5 13. Bd3 {1-0 (21) Nakamura,H (2789)-Shaw,J (2454) Baku 2016}) 6. Nf3 {[%emt 0:00:00] LiveBook: 15 Games} Bg7 7. Bg5 O-O 8. Qd2 c6 9. O-O Bf5 10. Rfe1 $146 ({Predecessor:} 10. Bb3 Nd5 11. Nxd5 cxd5 12. Qb4 f6 13. Qxb7 fxg5 14. Qxa8 {1-0 (33) Dobroczy,V-Kovacs,L (2044) Eger 2008}) 10... Nbd7 11. Rad1 b5 12. Bd3 Bxd3 13. Qxd3 e6 14. Ne4 Qc7 15. c3 Rfe8 16. h4 Nd5 17. c4 bxc4 18. Qxc4 Rab8 19. b3 Rb4 20. Qc2 Rc8 21. Bc1 Rb5 22. Ba3 Bf8 23. Bxf8 Kxf8 24. Neg5 Kg8 25. h5 Nb4 26. Qb1 Qf4 27. a3 Na6 {[%emt 0:01:04] [#]} (27... Nd5 $16 {was worth a try.}) 28. hxg6 $1 Rxg5 29. gxf7+ Kxf7 30. Nxg5+ Qxg5 31. Qxh7+ Qg7 32. Qxg7+ Kxg7 33. Rxe6 Kf7 34. Rde1 Nab8 35. f4 Rc7 $2 (35... c5 {was called for.} 36. Re7+ Kf8 37. dxc5 Rxc5) 36. Re7+ Kf6 37. g4 $18 1-0

[Event "17th Delhi GM Open 2019-B"]
[Site "Delhi"]
[Date "2019.01.11"]
[Round "9"]
[White "Heikrujam Jacky Singh"]
[Black "Sai Kiran Y"]
[Result "1/2-1/2"]
[ECO "A46"]
[WhiteElo "1870"]
[BlackElo "1732"]
[Annotator "NA RC"]
[PlyCount "39"]
[EventDate "2019.01.09"]
[EventType "swiss"]
[EventCountry "IND"]
[SourceTitle "playchess.com"]
[Source "ChessBase"]
[SourceQuality "1"]
[TimeControl "3600+30"]

1. d4 Nf6 2. Nf3 e6 3. Bf4 c5 4. e3 Nc6 5. c3 cxd4 6. exd4 Nh5 {[%emt 0:00:00] A46: 1 d4 Nf6 2 Nf3 e6: Torre, London and Colle Systems} 7. Be3 d5 8. Ne5 Nxe5 $146 ({Predecessor:} 8... g6 9. Nd2 Bd6 10. Nd3 f6 11. g4 Ng7 12. Bg2 h5 13. h3 Bd7 14. Qf3 {1-0 (47) Islam,K (2222)-Abu Sufian,S (2322) Dhaka 2017}) 9. dxe5 g6 $1 10. Bb5+ Bd7 11. Qa4 a6 12. Bxd7+ Qxd7 13. Qxd7+ Kxd7 14. Nd2 Rc8 15. Nb3 Ng7 16. f4 Nf5 17. Bf2 h5 18. O-O Be7 19. Nd4 Nxd4 20. Bxd4 $15 1/2-1/2

[Event "17th Delhi GM Open 2019-B"]
[Site "Delhi"]
[Date "2019.01.11"]
[Round "9"]
[White "Rivera Martinez, Luis Manu"]
[Black "Deepak Batra"]
[Result "*"]
[ECO "B92"]
[WhiteElo "1831"]
[BlackElo "1607"]
[Annotator "NA"]
[PlyCount "28"]
[EventDate "2019.01.09"]
[EventType "swiss"]
[EventCountry "IND"]
[SourceTitle "playchess.com"]
[Source "ChessBase"]
[SourceQuality "1"]
[TimeControl "3600+30"]

1. e4 c5 2. Nf3 d6 3. d4 cxd4 4. Nxd4 Nf6 5. Nc3 a6 6. Be2 e5 7. Nb3 Be7 8. O-O O-O 9. Kh1 Nc6 10. f4 exf4 11. Bxf4 Be6 12. Qe1 Ne8 13. Rd1 {[%emt 0:00:00] LiveBook: 11 Games} Bf6 14. Qg3 Be5 $14 *

[Event "17th Delhi GM Open 2019-B"]
[Site "Delhi"]
[Date "2019.01.11"]
[Round "9"]
[White "Warude Satyam"]
[Black "Shivasubramanian R"]
[Result "1/2-1/2"]
[ECO "E61"]
[WhiteElo "1824"]
[BlackElo "1738"]
[Annotator "NA"]
[PlyCount "59"]
[EventDate "2019.01.09"]
[EventType "swiss"]
[EventCountry "IND"]
[SourceTitle "playchess.com"]
[Source "ChessBase"]
[SourceQuality "1"]
[TimeControl "3600+30"]

1. d4 Nf6 2. Bf4 g6 3. e3 Bg7 4. Nf3 O-O 5. h3 d6 6. c4 Nbd7 7. Nc3 b6 8. Be2 Bb7 9. O-O Re8 10. Bh2 {[%emt 0:00:00] LiveBook: 29 Games} a6 {[%emt 0:00:00] E61: King's Indian: Early deviations for White, including Smyslov System} (10... e5 11. d5 a5 12. b3 Nc5 13. Qc2 Bc8 14. Rad1 Bf5 15. Qc1 Nfe4 16. Nb5 Bd7 17. Ne1 f5 18. f3 {½-½ (72) Nakamura,H (2793)-Caruana,F (2787) Saint Louis 2015}) 11. Rc1 e5 12. Qc2 $146 (12. dxe5 $14 dxe5 13. Qc2) ({Predecessor:} 12. Re1 Qe7 13. b4 Rad8 14. a4 exd4 15. exd4 Bh6 16. Ra1 Bxf3 17. gxf3 Qe6 18. Kg2 {1-0 (50) Bauer,A (2250)-Barski,R (2443) Germany 2017}) 12... Qe7 13. b4 exd4 14. exd4 Ne4 15. Nxe4 Bxe4 16. Qd2 a5 17. b5 Rac8 18. Bf4 Nf6 19. Rfe1 Qf8 20. Nh2 Bf5 21. Bf3 Be4 22. Bxe4 Rxe4 23. Rxe4 Nxe4 24. Qd3 Re8 25. Ng4 f5 26. Ne3 Qf6 27. Nd5 Qxd4 28. Qxd4 Bxd4 29. Be3 Bxe3 30. fxe3 $11 1/2-1/2

[Event "17th Delhi GM Open 2019-B"]
[Site "Delhi"]
[Date "2019.01.11"]
[Round "9"]
[White "Sharsha Backer"]
[Black "Saurabh Lokhande"]
[Result "1/2-1/2"]
[ECO "D92"]
[WhiteElo "1812"]
[BlackElo "1674"]
[Annotator "NA RC"]
[PlyCount "104"]
[EventDate "2019.01.09"]
[EventType "swiss"]
[EventCountry "IND"]
[SourceTitle "playchess.com"]
[Source "ChessBase"]
[SourceQuality "1"]
[TimeControl "3600+30"]

1. d4 Nf6 2. Nf3 d5 3. c4 c6 4. Nc3 g6 5. Bf4 Bg7 6. e3 Nbd7 7. h3 {[%emt 0:00:00] D92: Grünfeld: 4 Nf3 Bg7 5 Bf4} (7. cxd5 Nxd5 8. Nxd5 cxd5 9. Bd3 Qb6 10. Qb3 Qa5+ 11. Ke2 f6 12. Bg3 e5 13. dxe5 fxe5 14. Rhc1 O-O {1-0 (44) Halkias,S (2528)-Ftacnik,L (2603) Bled 2002}) 7... dxc4 8. Bxc4 Nb6 9. Bd3 Nbd5 $146 ({Predecessor:} 9... Nfd5 10. Be5 f6 11. Bg3 Be6 12. O-O Nxc3 13. bxc3 O-O 14. e4 Qd7 {1-0 (29) Zhang,F (2104)-Leosson,A (1759) Reykjavik 2014}) 10. Be5 Qa5 11. Qd2 Nxc3 12. bxc3 O-O 13. O-O Bf5 14. Bxf5 gxf5 15. Qc2 Ne4 16. Rfc1 e6 17. Rab1 Bxe5 18. Nxe5 Qc7 19. f3 Nd6 20. c4 c5 21. Qf2 Rad8 22. Nd3 cxd4 23. exd4 Ne8 24. c5 Ng7 25. Rc4 Rb8 26. Rbc1 Rfd8 27. Qh4 Rd5 {[%emt 0:03:50] [#]} 28. Nf4 (28. c6 $1 $18) 28... Rd7 29. Ne2 Qc8 30. Qg3 Qc7 31. Qg5 Qd8 32. Qh6 Ne8 33. Qf4 Nc7 34. Qg3+ Kf8 35. Qe5 f6 36. Qe3 Qe7 37. c6 bxc6 38. Rxc6 Rb6 39. Nf4 Kf7 40. Nh5 Kg6 41. Nf4+ Kf7 42. Nd3 Rxc6 43. Rxc6 Rd6 44. Rc4 Kg6 45. Nf4+ Kf7 46. Qc1 Nd5 47. Nxd5 Rxd5 48. Qh6 Ke8 49. Rc8+ Rd8 50. Rc4 Rd5 51. Qf4 Rd7 $14 52. a4 Qd6 1/2-1/2

[Event "17th Delhi GM Open 2019-B"]
[Site "Delhi"]
[Date "2019.01.11"]
[Round "9"]
[White "Manu, M."]
[Black "Deepak Batra"]
[Result "1/2-1/2"]
[ECO "B92"]
[WhiteElo "1732"]
[BlackElo "1607"]
[Annotator "NA RC"]
[PlyCount "111"]
[EventDate "2019.01.09"]
[EventType "swiss"]
[EventCountry "IND"]
[SourceTitle "playchess.com"]
[Source "ChessBase"]
[SourceQuality "1"]
[TimeControl "3600+30"]

1. e4 c5 2. Nf3 d6 3. d4 cxd4 4. Nxd4 Nf6 5. Nc3 a6 6. Be2 e5 7. Nb3 Be7 8. O-O O-O 9. Kh1 Nc6 10. f4 exf4 11. Bxf4 Be6 12. Qe1 Ne8 13. Rd1 {[%emt 0:00:00] LiveBook: 11 Games} Bf6 14. Qg3 Be5 $14 15. Nc5 Qe7 16. Nxe6 fxe6 17. Qe3 Bxf4 18. Rxf4 Rxf4 19. Qxf4 Ne5 20. Qe3 Nf6 21. Qb6 Rd8 22. h3 h6 23. a4 Ng6 24. Bc4 Rd7 25. b4 Ne5 26. Bb3 Kh7 27. a5 Rc7 28. Rxd6 Rxc3 29. Rxe6 Qd7 30. Rxe5 Rxh3+ 31. gxh3 Qxh3+ 32. Kg1 Qg3+ 33. Kf1 Qxe5 34. Qxb7 Qf4+ 35. Ke2 Nxe4 36. Qb6 Qd2+ 37. Kf3 Ng5+ 38. Kg4 Qe2+ 39. Kf4 Qe4+ 40. Kg3 Qf3+ 41. Kh2 Qg4 42. Bd5 Qe2+ 43. Bg2 Qxc2 44. b5 Qb2 45. Qc5 Qd2 46. bxa6 Qf4+ 47. Kg1 Qg3 48. Kf1 Qd3+ 49. Kf2 Qxa6 50. Qf5+ Kh8 51. Qf8+ Kh7 52. Qf5+ Kh8 53. Bf1 Qa7+ 54. Ke1 Qe3+ 55. Kd1 Ne4 56. Be2 1/2-1/2

[Event "17th Delhi GM Open 2019-B"]
[Site "Delhi"]
[Date "2019.01.11"]
[Round "9"]
[White "Prakash Yadav"]
[Black "Anwar N K"]
[Result "1-0"]
[ECO "A43"]
[WhiteElo "1718"]
[BlackElo "1817"]
[Annotator "NA"]
[PlyCount "57"]
[EventDate "2019.01.09"]
[EventType "swiss"]
[EventCountry "IND"]
[SourceTitle "playchess.com"]
[Source "ChessBase"]
[SourceQuality "1"]
[TimeControl "3600+30"]

1. e4 c5 2. d4 e6 3. d5 d6 4. dxe6 {[%emt 0:00:00] A43: Schmid Benoni} (4. Nc3 a6 5. a4 Be7 6. Nf3 e5 7. Be2 Nf6 8. Nd2 Nbd7 9. a5 Nf8 10. Nc4 Ng6 11. Nb6 Rb8 {1-0 (43) Feller,S (2574)-Flom,G (2501) Brest 2018}) 4... fxe6 5. Nf3 Nc6 6. Bb5 Bd7 7. O-O Be7 $146 ({Predecessor:} 7... Qc7 8. Ng5 Nf6 9. Bc4 Nd8 10. e5 dxe5 11. Nc3 h6 12. Nge4 Nxe4 {1-0 (66) Enkhtuul,A (2249)-Jakubiec,E (2206) Erbil 2013}) 8. Bc4 h6 (8... Nf6 $11) 9. e5 Qc7 (9... dxe5 $11 {keeps the balance.} 10. Nc3 Qc7) 10. exd6 Bxd6 {[%emt 0:00:05] [#]} 11. Nc3 $1 a6 (11... Nd4 $16 {is a better defense.}) 12. Ne4 Be7 13. a4 Nf6 14. Nxf6+ Bxf6 15. c3 O-O-O 16. Qe2 g5 17. Be3 Ne5 ({Black should try} 17... Ne7 $14) 18. Nxe5 Bxe5 19. b4 cxb4 20. cxb4 Bxa1 21. Rxa1 a5 $2 (21... Kb8 $16) 22. Rc1 Qd6 $2 ({Not} 22... axb4 {[#]} 23. Bxe6 $1 Bxe6 24. Rxc7+ Kxc7 25. h4 $1 $16 ) (22... Kb8 23. Bd4 Ka8) 23. Ba7 Qc7 24. Qe3 Rde8 25. Bb3 $18 Bc6 26. Bxe6+ Rxe6 27. Qxe6+ Qd7 28. Qe5 Re8 29. Qb8# 1-0

[Event "17th Delhi GM Open 2019-B"]
[Site "Delhi"]
[Date "2019.01.11"]
[Round "9"]
[White "Yadav Prem Gopal"]
[Black "Baig, Akram"]
[Result "1-0"]
[ECO "C00"]
[WhiteElo "1669"]
[BlackElo "1805"]
[Annotator "NA"]
[PlyCount "92"]
[EventDate "2019.01.09"]
[EventType "swiss"]
[EventCountry "IND"]
[SourceTitle "playchess.com"]
[Source "ChessBase"]
[SourceQuality "1"]
[TimeControl "3600+30"]

1. e4 e6 2. d3 c5 3. Nf3 d5 4. Nbd2 Nf6 5. g3 b6 6. Bg2 Bb7 7. e5 Nfd7 8. O-O Nc6 9. Re1 Qc7 10. Qe2 g6 {[%emt 0:00:17] C00: French: Unusual White 2nd moves} ({Black should play} 10... Be7 $15 11. Nf1 h6 12. h4 O-O-O 13. N1h2 Rde8 14. c4 dxc4 15. dxc4 Bd8 16. b3 f5 17. h5 Reg8 18. a3 g6 19. b4 gxh5 20. b5 Ncxe5 21. Bf4 Bg5 22. Rad1 Bxf4 {0-1 (22) Korobkov,P (2516)-Lysyj,I (2596) Zvenigorod 2008}) 11. Nf1 Bg7 12. Bf4 Rc8 $146 ({Predecessor:} 12... O-O-O 13. c3 h6 14. d4 g5 15. Be3 f6 16. exf6 Bxf6 17. b4 cxb4 18. cxb4 Nxb4 {1-0 (36) Sundell,B (2142)-Modell,B (1494) Ostersund 2018}) 13. c3 Ba6 14. h4 b5 (14... O-O $11 {remains equal.}) 15. N1h2 b4 16. h5 gxh5 {[%emt 0:01:11] [#]} 17. Qe3 (17. c4 $1 $16) 17... bxc3 18. bxc3 Ne7 19. Rac1 Ng6 20. d4 h6 21. Nh4 Ndf8 (21... Nxh4 $17 22. gxh4 Nf8) 22. N2f3 Qe7 23. Bh3 Bc4 24. a4 Bb3 25. Ra1 c4 26. Qd2 a5 27. Be3 Nxh4 28. Nxh4 Ng6 29. Ng2 h4 30. g4 Qd7 31. f4 h5 32. gxh5 Rxh5 33. Qe2 Rh7 {[%emt 0:00:00] [#]} 34. f5 $1 Nf8 35. Rf1 Kd8 (35... Bxa4 36. fxe6 fxe6 37. Bg5) 36. Rf3 Rc7 37. fxe6 Nxe6 (37... fxe6 $16 38. Rf2 Kc8) 38. Raf1 Bf8 $18 39. Bg5+ Ke8 40. Nf4 Be7 41. Bxe6 fxe6 42. Ng6 Qxa4 43. Bxe7 Rg7 44. Rf8+ Kd7 45. Qg4 Bc2 46. Qxe6+ Kxe6 1-0

[Event "17th Delhi GM Open 2019-B"]
[Site "Delhi"]
[Date "2019.01.11"]
[Round "9"]
[White "Sham R"]
[Black "Dhanush Ragav N S"]
[Result "0-1"]
[ECO "C30"]
[WhiteElo "1590"]
[BlackElo "1854"]
[Annotator "NA"]
[PlyCount "63"]
[EventDate "2019.01.09"]
[EventType "swiss"]
[EventCountry "IND"]
[SourceTitle "playchess.com"]
[Source "ChessBase"]
[SourceQuality "1"]
[TimeControl "3600+30"]

1. e4 e5 2. f4 Bc5 3. Nf3 d6 4. c3 Nf6 5. d4 exd4 6. cxd4 Bb6 $1 7. Nc3 {[%emt 0:00:00] LiveBook: 24 Games} Bg4 {[%emt 0:15:51] C30: King's Gambit Declined} (7... O-O 8. Bd3 Nc6 9. Be3 Bg4 10. Bc2 Re8 11. O-O Bxf3 12. gxf3 Na5 13. Qd3 c5 14. dxc5 Bxc5 15. Bxc5 dxc5 {½-½ (58) Zaitsev,A (2504)-Sosulin,E (2416) Pervomaisky 2016}) 8. Be2 Nc6 9. Be3 Qe7 10. h3 $146 ({Predecessor:} 10. Qd3 O-O-O 11. h3 Nb4 12. Qb1 Nbd5 13. Nxd5 Nxd5 {0-1 (49) Durand,S (1865)-Hajage,M (1818) Paris 2012}) 10... Bxf3 11. Bxf3 Nxe4 12. Bxe4 d5 13. O-O (13. Qe2 $11 dxe4 14. O-O-O) 13... dxe4 14. Nd5 Qd7 15. Nxb6 axb6 16. f5 O-O-O 17. Qg4 Nxd4 18. Rad1 c5 19. Bxd4 cxd4 20. Qxe4 $15 Rhe8 21. Qf4 Qd6 22. Rxd4 Qxd4+ 23. Kh2 Qxf4+ 24. Rxf4 g6 25. Rh4 h5 26. Rc4+ Kb8 27. Rb4 Re2 28. fxg6 fxg6 29. Rxb6 Rdd2 30. Rxg6 Rxb2 31. h4 Rxa2 32. Kh1 0-1

[Event "17th Delhi GM Open 2019-B"]
[Site "Delhi"]
[Date "2019.01.12"]
[Round "10"]
[White "Heikrujam Jacky Singh"]
[Black "Manu, M."]
[Result "1/2-1/2"]
[ECO "D00"]
[WhiteElo "1870"]
[BlackElo "1732"]
[Annotator "NA RC"]
[PlyCount "129"]
[EventDate "2019.01.09"]
[EventType "swiss"]
[EventCountry "IND"]
[SourceTitle "playchess.com"]
[Source "ChessBase"]
[SourceQuality "1"]
[TimeControl "3600+30"]

1. d4 Nf6 2. Nf3 g6 3. Nc3 d5 4. Bf4 Bg7 5. Ne5 O-O 6. Qd2 c5 7. e3 Nc6 8. Be2 cxd4 {[%emt 0:00:00] D00: 1 d4 d5: Unusual lines} 9. exd4 Qb6 10. Nxc6 {[%emt 0:00:00] LiveBook: 3 Games} bxc6 (10... Qxc6 11. O-O Bd7 12. Rfe1 a6 13. a4 Rac8 14. a5 e6 15. Ra3 b5 16. axb6 Qxb6 17. Bxa6 {½-½ (60) Agdestein,S (2603)-Zude,E (2403) Helsingor 2016}) 11. Na4 Qd8 12. Nc5 Bf5 $146 ({Predecessor:} 12... Nd7 13. Nxd7 Bxd7 14. O-O Qb6 15. c3 Rfe8 {0-1 (15) Cottegnie,F (2366)-Larsson,S (2319) ICCF email 2016}) 13. f3 Nd7 14. Nxd7 Qxd7 15. g4 Be6 16. h4 c5 17. Bh6 cxd4 18. h5 f6 {[%emt 0:03:50] [#]} 19. hxg6 $1 hxg6 20. Bxg7 ({Inferior is} 20. Qxd4 Bxh6 21. Rxh6 Kg7 $11) (20. Bd3 $18 {and White stays clearly on top.} f5 21. Qg5) 20... Kxg7 21. Qh6+ ({Don't play} 21. Qxd4 $6 Rab8 $11) 21... Kf7 22. Bd3 Rg8 23. Qh7+ Rg7 24. Bxg6+ Kf8 25. Qh6 Qb5 26. O-O-O Rb8 27. b3 Qc5 28. Qf4 Rc8 29. Rh8+ Bg8 30. Qh6 d3 31. Bxd3 Kf7 32. Qh5+ Kf8 33. Bg6 (33. Kb1 $142) 33... e6 34. Qh6 $2 (34. Kb1 $18 Qe3 35. Bd3) 34... f5 $1 35. Rd2 Qc3 $1 36. Kb1 fxg4 $1 37. fxg4 Ke7 38. Bd3 Rxg4 39. Rd1 (39. Qh2 $142) 39... Qg7 (39... a5 $1 $14) 40. Qh1 a5 41. Rh4 (41. Re1 $16) 41... Rg2 (41... a4 $16 42. Rxg4 Qxg4) 42. Rh2 Rg5 (42... Rg4 {keeps fighting.}) 43. Qe1 Rc5 44. Qh4 Kd6 45. Qf4+ e5 46. Qf2 Kc6 47. a4 Be6 $2 (47... e4) 48. Bb5+ $2 (48. Rh7 Rg2 49. Qf1 (49. Rxg7 Rxf2 50. Rh1 e4 $11)) 48... Kd6 (48... Kb6 {was worth a try.} 49. Rdh1 Bf5) 49. Qd2 Rg1 {[%emt 0:00:17] [#]} 50. Rh1 $2 (50. Rxg1 $1 $18 Qxg1+ 51. Ka2) 50... Rg2 $1 51. Qxa5 Rcxc2 52. Qd8+ $2 (52. Qb6+ $11 Ke7 53. Qa7+ Kd6 54. Qb8+ (54. Qxg7 Rb2+ {[%mdl 64] Double Attack} 55. Ka1 Ra2+ 56. Kb1 Rab2+ 57. Ka1 Ra2+ 58. Kb1 Rab2+ $11) 54... Qc7 55. Qf8+ Qe7 56. Qb8+ Qc7 57. Qf8+ Qe7 58. Qb8+ Qc7) 52... Bd7 $4 {[%emt 0:01:09] [#]} (52... Kc5 $19 53. b4+ {[%mdl 64] Decoy} Kxb4 54. Qd6+ Rc5 55. Qxe6 e4) 53. Rh6+ $3 Qxh6 54. Qxd7+ Kc5 55. Qxd5+ Kb4 56. Qxe5 Rb2+ {[%emt 0:00:19] Decoy} 57. Qxb2 Rxb2+ 58. Kxb2 Qf6+ 59. Kb1 $1 Ka3 60. Kc2 Qb2+ 61. Kd3 Kxb3 62. Ke3 Qe5+ 63. Kf2 Qf4+ 64. Ke2 Qg4+ 65. Ke1 $11 1/2-1/2

[Event "17th Delhi GM Open 2019-B"]
[Site "Delhi"]
[Date "2019.01.12"]
[Round "10"]
[White "Dhanush Ragav N S"]
[Black "Yadav Prem Gopal"]
[Result "1/2-1/2"]
[ECO "D31"]
[WhiteElo "1854"]
[BlackElo "1669"]
[Annotator "NA RC"]
[PlyCount "44"]
[EventDate "2019.01.09"]
[EventType "swiss"]
[EventCountry "IND"]
[SourceTitle "playchess.com"]
[Source "ChessBase"]
[SourceQuality "1"]
[TimeControl "3600+30"]

1. d4 d5 2. c4 e6 3. Nc3 a6 4. cxd5 exd5 5. Qc2 {[%emt 0:00:00] LiveBook: 5 Games} Nc6 6. Be3 ({White should try} 6. Nf3 $11) 6... Nge7 7. Nf3 Nf5 8. Qd2 Nd6 9. Bf4 Nc4 10. Qc1 Bf5 11. e4 dxe4 12. Bxc4 exf3 13. Qe3+ Be7 14. O-O-O fxg2 15. Rhg1 O-O 16. Rxg2 Re8 17. Nd5 (17. Be5 $15 g5 18. Ne4) 17... Bd6 18. Qg3 Bg6 19. h4 b5 20. Bb3 Bf8 21. Bxc7 Qd7 $2 {[%emt 0:02:38] [#]} (21... Qc8 $16) 22. h5 $18 Ne7 1/2-1/2